 Dungeon Crawl Stone Soup version 0.29.1-1-gd02db6906a (webtiles) character file.

Game seed: 5683774767930745681

1 Anriel the Firebug (level 1, -2/14 HPs)
             Began as a Demigod Fire Elementalist on Oct 18, 2022.
             Slain by a quokka (3 damage)
             ... on level 1 of the Dungeon.
             The game lasted 00:01:31 (93 turns).

Anriel the Firebug (Demigod Fire Elementalist)        Turns: 93, Time: 00:01:32

Health: -2/14      AC:  2    Str:  9    XL:     1   Next: 13%
Magic:  4/5        EV: 12    Int: 17    God:
Gold:   0          SH:  0    Dex: 14    Spells: 2/3 levels left

rFire   + . .      SeeInvis .   d - +0 dagger (holy)
rCold   + . .      Faith    .   (no shield)
rNeg    . . .      Spirit   .   a - +0 robe
rPois   .          Reflect  .   (no helmet)
rElec   .          Harm     .   c - scarf {rC+ rF+}
rCorr   .          Rampage  .   (no gloves)
Will    .....                   (no boots)
Stlth   ++........              (no amulet)
HPRegen 0.04/turn               (no ring)
MPRegen 0.09/turn               (no ring)

@: very slightly contaminated
A: high MP 1, forlorn, divine attributes
a: no special abilities


You were on level 1 of the Dungeon.
You visited 1 branch of the dungeon, and saw 1 of its levels.

Inventory:

Hand Weapons
 d - a +0 dagger of holy wrath (weapon)
Armour
 a - a +0 robe (worn)
 c - a scarf of resistance (worn)
Potions
 b - a potion of magic
 e - a potion of lignification {unknown}


   Skills:
 * Level 1.7 Dodging
 + Level 1.7 Stealth
 + Level 1.7 Spellcasting
 + Level 0.8 Conjurations
 + Level 2.8 Fire Magic


You had 2 spell levels left.
You knew the following spells:

 Your Spells              Type           Power      Damage    Failure   Level
a - Foxfire               Conj/Fire      28%        2x1d5     10%         1

Your spell library contained the following spells:

 Spells                   Type           Power      Damage    Failure   Level
 Scorch                   Fire           22%        2d6       10%         2
 Conjure Flame            Conj/Fire      7%         6-21      28%         3
 Inner Flame              Hex/Fire       6%         N/A       32%         3
 Flame Wave               Conj/Fire      7%         2d5       67%         4


Dungeon Overview and Level Annotations

Branches:
Dungeon (1/15)


Innate Abilities, Weirdness & Mutations

You have an increased reservoir of magic. (+10% MP)
You shall have no god before yourself.
Your divine heritage dramatically boosts your attributes as you level up.


Message History

You see here a scarf of resistance.
c - a scarf of resistance You start putting on your armour.
You continue putting on your scarf of resistance. x4
You finish putting on your scarf of resistance.
You feel resistant to extremes of temperature.
You see here a +0 dagger of holy wrath.
d - a +0 dagger of holy wrath Your +0 dagger of holy wrath softly glows with a divine radiance!
d - a +0 dagger of holy wrath (weapon)
You see here 4 stones.
Found a smoky brown potion.
Found a chain mail.
e - a smoky brown potion A quokka comes into view.
Found a scroll labelled GON DAIRCHURGHY.
Found a stone staircase leading down.
Found a sling and 11 gold pieces.
Casting: Foxfire (safe; 10% risk of failure)
Confirm with . or Enter, or press ? or * to list all spells.
You miscast Foxfire.
You are very lightly contaminated with residual magic.
Nothing appears to happen.
You completely miss the quokka. The quokka bites you.
You hit the quokka.
The quokka is heavily wounded.
The quokka bites you.
You hit the quokka.
The quokka is almost dead.
The quokka bites you but does no damage.
You closely miss the quokka.
The quokka is almost dead.
The quokka bites you.
* * * LOW HITPOINT WARNING * * *
You hit the quokka but do no damage.
The quokka is almost dead.
The quokka bites you.
* * * LOW HITPOINT WARNING * * *
The quokka bites you.
You die...

#.♣.♣......[####..#
♣........#..P.P...#
♣.♣.♣.....♣.♣P....#
...#..##..♣.PP♣P...
♣♣♣ ♣.♣.........♣
.....##....P♣♣
..♣.♣.##.....P♣
.........PP.P♣♣♣...
..........r@.PP....
##..............
...........)...
...........>.##
#............#
.?........#.##
#......$..#.#
#.........# #


You could see a quokka.

Vanquished Creatures
  A kobold (D:1)
1 creature vanquished.

Vanquished Creatures (others)
  2 foxfires (D:1)
2 creatures vanquished.

Grand Total: 3 creatures vanquished

Notes
Turn   | Place    | Note
-------+----------+-------------------------------------------
     0 | D:1      | Anriel the Demigod Fire Elementalist began the quest for
                  | the Orb.
     0 | D:1      | Reached XP level 1. HP: 14/14 MP: 5/5
    93 | D:1      | Slain by a quokka

Illustrated notes

Levels and vault maps discovered:
D:1:      dpeg_arrival_pond, layout_loops_ring, serial_forest,
          infiniplex_forest_3_way, infiniplex_forest_zigzag_2,
          infiniplex_forest_clump_tiny, infiniplex_forest_lined_3,
          infiniplex_forest_lined_room_3, infiniplex_forest_zigzag_1,
          infiniplex_forest_clump_large, infiniplex_forest_clump_C,
          infiniplex_forest_end_1

Action                   || total
-------------------------++-------
Melee: Dagger            ||     5
 Cast: Foxfire           ||     1
Armor: Robe              ||     1
